 Dungeon Crawl Stone Soup version 0.28.0-53-g5a82cb258f (webtiles) character file.

Game seed: 9488523097610858821

256 Peloso the Covered (level 5, 0/47 HPs)
             Began as a Minotaur Fighter on May 28, 2022.
             Was an Initiate of Okawaru.
             Slain by a wyvern zombie (2 damage)
             ... on level 4 of the Dungeon.
             The game lasted 00:03:36 (3331 turns).

Peloso the Covered (Minotaur Fighter)               Turns: 3331, Time: 00:03:36

Health: 0/47       AC: 12    Str: 20    XL:     5   Next: 92%
Magic:  4/4        EV:  6    Int:  5    God:    Okawaru [......]
Gold:   221        SH:  5    Dex: 12    Spells: 4/4 levels left

rFire   . . .      SeeInvis .   a - +0 long sword
rCold   . . .      Faith    .   c - +0 buckler
rNeg    . . .      Spirit   .   l - +0 plate armour
rPois   .          Reflect  .   (helmet restricted)
rElec   .          Harm     .   (no cloak)
rCorr   .          Rampage  .   (no gloves)
Will    .....                   (no boots)
Stlth   ..........              (no amulet)
HPRegen 0.15/turn               (no ring)
MPRegen 0.09/turn               (no ring)

@: no status effects
A: horns 2, retaliatory headbutt
a: Renounce Religion


You were on level 4 of the Dungeon.
You worshipped Okawaru.
Okawaru was noncommittal.
You visited 1 branch of the dungeon, and saw 4 of its levels.

You collected 221 gold pieces.

Inventory:

Hand Weapons
 a - a +0 long sword (weapon)
Armour
 b - a +0 scale mail
 c - a +0 buckler (worn)
 l - a +0 plate armour (worn)
Jewellery
 o - a ring of poison resistance
 q - a ring of protection from fire
Wands
 m - a wand of acid (4)
Scrolls
 f - 2 scrolls of vulnerability {unknown}
 g - a scroll of fog {unknown}
 h - 2 scrolls of teleportation {unknown}
 j - 2 scrolls of identify {unknown}
 p - a scroll of magic mapping {unknown}
 s - a scroll of summoning {unknown}
Potions
 d - a potion of might
 e - a potion of attraction {unknown}
 i - a potion of curing {unknown}
 k - a potion of haste {unknown}
 n - a potion of magic {unknown}
 r - a potion of cancellation {unknown}


   Skills:
 + Level 4.6 Fighting
 + Level 4.9 Long Blades
 + Level 5.1 Armour
 + Level 1.0 Dodging
 + Level 0.3 Stealth
 + Level 4.4 Shields


You had 4 spell levels left.
You didn't know any spells.
Your spell library contained the following spells:

 Spells                   Type           Power      Damage    Failure   Level
 Conjure Ball Lightning   Conj/Air       0%         3x3d6     100%        6
 Discord                  Hex            0%         N/A       100%        8
 Disjunction              Tloc           0%         N/A       100%        8


Dungeon Overview and Level Annotations

Branches:
Dungeon (4/15)
 Temple: D:4-7

Altars:
Makhleb
Okawaru
Sif Muna
Trog
Xom


Innate Abilities, Weirdness & Mutations

You have a pair of horns on your head.
You reflexively headbutt those who attack you in melee.


Message History

A wyvern zombie is nearby!
A wyvern zombie is nearby!
The wyvern zombie completely misses you.
You furiously retaliate!
You headbutt the wyvern zombie. The wyvern zombie bites you.
You barely miss the wyvern zombie.
The wyvern zombie is lightly damaged.
The wyvern zombie bites you but does no damage.
You slash the wyvern zombie!
The wyvern zombie is moderately damaged.
The wyvern zombie bites you.
The wyvern zombie bites you but does no damage.
You hit the wyvern zombie.
The wyvern zombie is moderately damaged.
The wyvern zombie bites you!
You barely miss the wyvern zombie.
The wyvern zombie is moderately damaged.
The wyvern zombie bites you! x2
You barely miss the wyvern zombie. You headbutt the wyvern zombie!
The wyvern zombie is heavily damaged.
The wyvern zombie bites you.
You barely miss the wyvern zombie.
The wyvern zombie is heavily damaged.
The wyvern zombie bites you.
* * * LOW HITPOINT WARNING * * *
The wyvern zombie bites you but does no damage.
You slash the wyvern zombie! You headbutt the wyvern zombie.
The wyvern zombie is severely damaged.
The wyvern zombie bites you!
* * * LOW HITPOINT WARNING * * *
The wyvern zombie bites you but does no damage.
Okay, then.
Okay, then.
You barely miss the wyvern zombie.
The wyvern zombie is severely damaged.
The wyvern zombie completely misses you.
You hit the wyvern zombie. You headbutt the wyvern zombie.
The wyvern zombie is almost destroyed.
You block the wyvern zombie's attack. The wyvern zombie bites you.
You die...

###.####.#.# #.#.. +###+###'.
...........###...... +...+.#.
#######.#...........# #...#.#.
#.#.#.#........+ #._.#.'#
#.###..#.####...# #...#.#. ##
#.### ## ..# +...'.#. #### #.##
#.# .. ###+###'. ...# #.#
#Z##.# .......#. ##.# #.# ##
#@#.# .......#. ##.## #.# #.##
##..# ##+###+###'# ....# #.#
#.###.### #........... .#..#
#.# #..#.## #..######### .#..#
#.# #.#.## #..# .#..###.##
#.#.# #..#
.#..##...###.#.#######..#
..........##......<.....#
#....................##.#######


You could see a wyvern zombie.

Vanquished Creatures
  A necrophage (D:3)
  A phantom (D:3)
  3 adders
  2 worms
  A dart slug (D:4)
  2 orcs (D:3)
  4 bats
  6 endoplasms
  3 giant cockroaches
  9 goblins
  8 hobgoblins
  3 kobolds
  3 quokkas
  6 ball pythons
  2 frilled lizards (D:1)
  8 rats
62 creatures vanquished.

Vanquished Creatures (others)
  3 plants (D:2)
3 creatures vanquished.

Grand Total: 65 creatures vanquished

Notes
Turn   | Place    | Note
-------+----------+-------------------------------------------
     0 | D:1      | Peloso the Minotaur Fighter began the quest for the Orb.
     0 | D:1      | Reached XP level 1. HP: 19/19 MP: 0/0
    77 | D:1      | Reached XP level 2. HP: 24/27 MP: 1/1
   219 | D:1      | Reached skill level 4 in Armour
   524 | D:1      | Reached XP level 3. HP: 31/33 MP: 2/2
  2075 | D:3      | Noticed a phantom
  2089 | D:3      | Killed a phantom
  2090 | D:3      | Reached XP level 4. HP: 24/41 MP: 3/3
  2525 | D:3      | Found a burning altar of Makhleb.
  2546 | D:3      | Reached XP level 5. HP: 47/47 MP: 4/4
  2595 | D:3      | Noticed a necrophage
  2596 | D:3      | Found an iron altar of Okawaru.
  2600 | D:3      | Killed a necrophage
  2601 | D:3      | Reached skill level 5 in Armour
  2601 | D:3      | Reached skill level 1 in Dodging
  2805 | D:3      | Became a worshipper of Warmaster Okawaru
  2884 | D:4      | Found a shimmering altar of Xom.
  2998 | D:4      | Found a bloodstained altar of Trog.
  3178 | D:4      | Found a shimmering blue altar of Sif Muna.
  3329 | D:4      | HP: 1/47 [wyvern zombie (8)]
  3331 | D:4      | Slain by a wyvern zombie

Illustrated notes

Levels and vault maps discovered:
D:1:      scummos_arrival_simple_fountains, layout_loops_cross
D:2:      layout_basic, serial_forest, infiniplex_forest_straight_4,
          infiniplex_forest_pool, infiniplex_forest_split,
          infiniplex_forest_lined_2, infiniplex_forest_lined_corner,
          infiniplex_forest_end_1, infiniplex_forest_clump_small,
          infiniplex_forest_clump_tiny, infiniplex_forest_lined_2
D:3:      minmay_door_path, layout_basic, lightli_temple_of_fire,
          lemuel_tele_altar, grunt_decor_fettered, kennysheep_generic_room_13
D:4:      layout_loops_ring, lemuel_crystal_altar, mainiacjoe_overflow_24_doors,
          lemuel_crystal_altar

Skill      XL: |  1  2  3  4  5 |
---------------+----------------+-----
Armour         | 4 5 |  5.1
Fighting       | 4 |  4.6
Shields        | 4 |  4.4
Long Blades    | 4 |  4.9
Dodging        | 1 |  1.0
Stealth        | |  0.3

Action                   |  1- 3 |  4- 6 || total
-------------------------+-------+-------++-------
Melee: Long sword        |   117 |    57 ||   174
       Headbutt          |    13 |     6 ||    19
Armor: Scale mail        |    39 |       ||    39
       Plate armour      |    19 |    35 ||    54
Dodge: Dodged            |    50 |    22 ||    72
Block: Buckler           |    23 |    17 ||    40
